 Dungeon Crawl Stone Soup version 0.24.1 (webtiles) character file.

Game seed: 4356550119349915196, levelgen mode: deterministic

369 Peloso the Slasher (level 6, -3/53 HPs)
             Began as a Minotaur Fighter on Apr 4, 2020.
             Slain by an ogre
             ... wielding a +0 giant club
              (26 damage)
             ... on level 5 of the Dungeon.
             The game lasted 00:09:43 (2842 turns).

Peloso the Slasher (Minotaur Fighter)               Turns: 2842, Time: 00:09:44

Health: -3/53      AC: 11    Str: 21    XL:     6   Next: 41%
Magic:  5/5        EV:  6    Int:  5    God:
Gold:   105        SH: 15    Dex: 11    Spells: 5/5 levels left

rFire    . . .     SeeInvis .   a - +0 long sword
rCold    . . .     Gourm    .   c - +0 large shield
rNeg     . . .     Faith    .   b - +0 scale mail
rPois    .         Spirit   .   (helmet restricted)
rElec    .         Reflect  .   (no cloak)
rCorr    .         Harm     .   g - +2 pair of gloves
MR       .....                  p - +0 pair of boots
Stlth    ..........             (no amulet)
HPRegen  0.17/turn              (no ring)
MPRegen  0.09/turn              (no ring)

@: no status effects
A: retaliatory headbutt, horns 2
a: no special abilities


You were on level 5 of the Dungeon.
You were near starving.

You visited 1 branch of the dungeon, and saw 5 of its levels.

You collected 105 gold pieces.

Inventory:

Hand Weapons
 a - a +0 long sword (weapon)
Armour
 b - a +0 scale mail (worn)
 c - a +0 large shield (worn)
 g - a +2 pair of gloves (worn)
 p - a +0 pair of boots (worn)
Wands
 q - a wand of random effects (25)
Scrolls
 e - 4 scrolls of remove curse {unknown}
 h - a scroll of noise {unknown}
 j - 5 scrolls of enchant weapon {unknown}
 k - a scroll of amnesia {unknown}
 l - a scroll of fog {unknown}
 n - 2 scrolls of identify {unknown}
Potions
 d - a potion of might
 i - a potion of experience {unknown}
 m - a potion of haste {unknown}
 o - 2 potions of degeneration {unknown}
 r - a potion of agility {unknown}
Comestibles
 f - 3 rations


   Skills:
 + Level 4.4 Fighting
 + Level 5.6 Long Blades
 + Level 4.7 Armour
 + Level 2.0 Dodging
 + Level 5.2 Shields


You had 5 spell levels left.
You didn't know any spells.
Your spell library was empty.

Dungeon Overview and Level Annotations

Branches:
Dungeon (5/15)
 Temple: D:4-7

Altars:


Innate Abilities, Weirdness & Mutations

You reflexively headbutt those who attack you in melee.
You have a pair of horns on your head.


Message History

An ogre is nearby!
An iguana comes into view.
The iguana hisses angrily.
The ogre hits you with a +0 giant club!
You slash the ogre! Your headbutt misses the ogre.
The ogre is moderately wounded.
The ogre hits you with a +0 giant club!
You hit the ogre but do no damage.
The ogre is moderately wounded.
You hit the ogre. Your headbutt misses the ogre.
The ogre is moderately wounded.
The ogre hits you with a +0 giant club.
You hit the ogre but do no damage.
The ogre is moderately wounded.
You are near starving!
The ogre hits you with a +0 giant club.
You hit the ogre. You headbutt the ogre!
The ogre is almost dead.
The ogre hits you with a +0 giant club!!
You die...

### ..# #.# #.#
#@# #O#
#########l#
#.........######
#######........#
#.######.# #.#
###.###########
#.#
#............>.
#.#
#..............


You could see an ogre and an iguana.

Vanquished Creatures
  A howler monkey (D:4)
  An orc priest (D:3)
  An iguana (D:4)
  Natasha (twice) (D:3 D:2)
  A hound skeleton (D:4)
  8 gnolls
  3 adders (D:3)
  2 adder skeletons (D:4)
  5 worms
  A dart slug (D:4)
  5 leopard geckos
  9 orcs (D:3)
  3 giant cockroaches
  8 goblins
  7 hobgoblins
  7 kobolds
  2 quokkas (D:3)
  2 ball pythons
  7 bats
  3 frilled lizards
  4 rats
82 creatures vanquished.

Notes
Turn   | Place    | Note
-------+----------+-------------------------------------------
     0 | D:1      | Peloso the Minotaur Fighter began the quest for the Orb.
     0 | D:1      | Reached XP level 1. HP: 19/19 MP: 0/0
    98 | D:1      | Reached XP level 2. HP: 25/27 MP: 1/1
   855 | D:2      | Reached XP level 3. HP: 31/33 MP: 2/2
  1213 | D:3      | Reached skill level 1 in Dodging
  1234 | D:3      | Reached XP level 4. HP: 33/40 MP: 3/3
  1274 | D:3      | Noticed Natasha
  1278 | D:3      | Killed Natasha
  1296 | D:3      | Noticed Natasha
  1302 | D:3      | Reached XP level 5. HP: 31/46 MP: 4/4
  1436 | D:2      | Killed Natasha
  2146 | D:4      | Reached skill level 5 in Long Blades
  2146 | D:4      | Reached XP level 6. HP: 45/53 MP: 5/5
  2188 | D:4      | Reached skill level 5 in Shields
  2793 | D:5      | Entered Level 5 of the Dungeon
  2842 | D:5      | Slain by an ogre

Levels and vault maps discovered:
D:1:      lemuel_arrival_muddy, layout_loops_ring
D:2:      layout_loops_cross
D:3:      layout_rooms, uniq_natasha
D:4:      layout_basic, first_ration
D:5:      layout_basic, minmay_temple_entry_antechambers, uniq_duvessa,
          uniq_blork_the_orc

Skill      XL: |  1  2  3  4  5  6 |
---------------+-------------------+-----
Armour         | 4 |  4.7
Fighting       | 4 |  4.4
Shields        | 4 5 |  5.2
Long Blades    | 3 4 5 |  5.6
Dodging        | 1 2 |  2.0

Action                   |  1- 3 |  4- 6 || total
-------------------------+-------+-------++-------
Melee: Long sword        |    88 |   136 ||   224
       Headbutt          |    20 |    26 ||    46
  Use: Potion            |     1 |       ||     1
  Eat: Chunk             |     1 |     4 ||     5
Armor: Scale mail        |    44 |    55 ||    99
Dodge: Dodged            |    23 |    28 ||    51
Block: Shield            |    33 |       ||    33
       Large shield      |    52 |   152 ||   204
       Rpst.: Long sword |     8 |     7 ||    15
